 Dungeon Sprint DCSS version 0.30-a0-881-g1ff12e1e11 (webtiles) character file.

Game seed: 16570686856237186466

28 valliere the Caller (level 3, -5/26 HPs)
             Began as a Draconian Summoner on Mar 14, 2023.
             Slain by a wolf (8 damage)
             ... in the Dungeon (Sprint III: "The Ten Rune Challenge").
             The game lasted 00:00:39 (139 turns).

valliere the Caller (Draconian Summoner)             Turns: 139, Time: 00:00:39

Health: -5/26      AC:  5    Str: 10    XL:     3   Next: 0%
Magic:  5/7        EV: 12    Int: 15    God:
Gold:   0          SH:  0    Dex: 13    Spells: 6/7 levels left

rFire   . . .      SeeInvis .    h - +0 club
rCold   . . .      Faith    .    (no shield)
rNeg    . . .      Spirit   .    (body armour unavailable)
rPois   .          Reflect  .    (helmet restricted)
rElec   .          Rampage  .    (no cloak)
rCorr   .          NoTele   +    (no gloves)
Will    .....                    (no boots)
Stlth   ++                       (no amulet)
HPRegen 0.24/turn                (no ring)
MPRegen 0.10/turn                (no ring)

@: no status effects
A: AC +5, unfitting armour, cold-blooded
a: no special abilities


You were in the Dungeon.
You visited 1 branch

Inventory:

Hand Weapons
 h - a +0 club (weapon)
Scrolls
 f - a scroll of blinking
 g - a scroll of acquirement {unknown}
Potions
 a - 3 potions of magic
 b - a potion of curing
 c - a potion of heal wounds
 d - a potion of haste
 e - a potion of berserk rage
 i - a potion of attraction {unknown}


   Skills:
 + Level 2.2 Dodging
 + Level 2.4 Stealth
 + Level 0.3 Unarmed Combat
 + Level 2.8 Spellcasting
 + Level 6.3 Summonings


You had 6 spell levels left.
You knew the following spells:

 Your Spells              Type           Power      Damage    Failure   Level
a - Summon Small Mammal   Summ           84%        N/A       1%          1

Your spell library contained the following spells:

 Spells                   Type           Power      Damage    Failure   Level
 Call Imp                 Summ           21%        N/A       2%          2
 Call Canine Familiar     Summ           21%        N/A       4%          3
 Summon Guardian Golem    Hex/Summ       11%        N/A       17%         3
 Summon Lightning Spire   Summ/Air       11%        N/A       50%         4


Dungeon Overview and Level Annotations

Branches:
Dungeon (1/1)

Altars:


Innate Abilities, Weirdness & Mutations

Your plain brown scales are hard. (AC +5)
You cannot fit into any form of body armour.
You are cold-blooded and may be slowed by cold attacks.


Message History

Your quokka barely misses the rat.
h - a +0 club (weapon)
Your quokka bites the rat.
The rat dies!
You have reached level 3!
Your experience leads to an increase in your attributes!
Increase (S)trength, (I)ntelligence, or (D)exterity?
You feel agile. x2; Your scales feel tougher.
Your quokka disappears in a puff of smoke!
Your bat disappears in a puff of smoke!
A human comes into view.
A wolf comes into view.
The human shouts!
The human misses your bat.
Your quokka bites the wolf.
The wolf howls!
Your bat hits the human but does no damage.
The wolf barely misses your quokka.
Your bat hits the human but does no damage. x2
The wolf bites you but does no damage.
Your quokka completely misses the wolf.
You closely miss the wolf.
The wolf is heavily wounded.
The wolf bites you. The wolf closely misses you.
Your bat hits the human but does no damage.
Your quokka bites the wolf but does no damage.
You closely miss the wolf.
The wolf is heavily wounded.
The wolf bites you but does no damage.
Your bat hits the human but does no damage.
Your quokka closely misses the wolf.
The human barely misses your quokka. The wolf bites you!
Your quokka completely misses the wolf.
The human closely misses your quokka. The wolf bites you.
You closely miss the wolf.
Your tail-slap misses the wolf.
The wolf is moderately wounded.
Your bat hits the human but does no damage.
The wolf bites you.
Your quokka closely misses the wolf.
The human hits your bat. The wolf bites you!
* * * LOW HITPOINT WARNING * * *
Your quokka bites the wolf.
The wolf attacks as you move away! The wolf bites you!
You die...

▓##.##.##..[# ..#
##.##.###..# #..#
▓#.####.##..# ...+
▓.###..##..####...#
▓#.....##..###....#
###..##...##.b...#
##†.##....#..p...#
#..###..##.#.rh..#
#..# #.. ####@...#
▓▓▓▓ ▓▓▓ ▓▓▓▓▓▓


You could see a human (distracted, ally target), a wolf (ally target), a
friendly quokka (summoned) and a friendly bat (summoned).

Vanquished Creatures
  An endoplasm (D)
  A rat (D)
2 creatures vanquished.

Vanquished Creatures (collateral kills)
  Jessica (D)
  A rat (D)
2 creatures vanquished.

Grand Total: 4 creatures vanquished

Notes
Turn   | Place    | Note
-------+----------+-------------------------------------------
     0 | D        | valliere the Draconian Summoner began the quest for the
                  | Orb.
     0 | D        | Reached XP level 1. HP: 14/14 MP: 3/3
    57 | D        | Noticed Jessica
    65 | D        | Killed Jessica
    66 | D        | Reached skill level 6 in Summonings
    66 | D        | Reached XP level 2. HP: 9/20 MP: 1/5
    70 | D        | Reached XP level 3. HP: 13/26 MP: 1/7
   139 | D        | Slain by a wolf

Illustrated notes

Levels and vault maps discovered:
D:        dungeon_sprint_mu [sprint_mu_entry_cave, sprint_mu_temple_rooms,
          sprint_mu_d1_horrors, sprint_mu_d2_genie, sprint_mu_d3_branching,
          sprint_mu_orc_legion, sprint_mu_elf_gauntlet, sprint_mu_hive_nellie,
          sprint_mu_lair_fedhas, sprint_mu_vaults_butterflies,
          sprint_mu_slime_circle, sprint_mu_swamp_cave, sprint_mu_snake_twists,
          sprint_mu_blade_basic, sprint_mu_crypt_chambers,
          sprint_mu_tomb_spiral, sprint_mu_vestibule_basic,
          sprint_mu_gehenna_hellfire, sprint_mu_dis_giant,
          sprint_mu_tartarus_statrot, sprint_mu_cocytus_islands, sprint_mu_zot1]

Skill      XL: |  1 |
---------------+----+-----
Dodging        | 2 |  2.2
Stealth        | 2 |  2.4
Summonings     | 6 |  6.3
Unarmed Combat | |  0.3
Spellcasting   | |  2.8

Action                     || total
---------------------------++-------
  Melee: Unarmed           ||     8
         Tailslap          ||     1
         Club              ||     3
   Cast: Summon Small Mamm ||     6
   Stab: Distracted        ||     2
 Armour: Skin              ||     5
  Dodge: Dodged            ||     4

Table legend: (Time is in decaauts)
 A = Elapsed time spent in this place.
 B = Non-inter-level travel time spent in this place.
 C = Inter-level travel time spent in this place.
 D = Time resting spent in this place.
 E = Time spent auto-exploring this place.
 F = Levels seen in this place.
 G = Mean time per level.
                   A        B        C        D        E       F      G
               +--------+--------+--------+--------+--------+-----+--------+
         Total |    139 |    139 |      0 |      0 |    103 |   1 |  139.0 |
       Dungeon |    139 |    139 |      0 |      0 |    103 |   1 |  139.0 |
               +--------+--------+--------+--------+--------+-----+--------+

Top non-repeatable levels by time:
       D: 139 daAuts
